 Dungeon Crawl Stone Soup version 0.21.0-3-g78d12a8 (webtiles) character file.

41790 Faca the Markscentaur (level 13, -1/160 HPs)
             Began as a Centaur Hunter on Jan 17, 2018.
             Was an Elder of Trog.
             Slain by a spiny frog (10 damage)
             ... on level 6 of the Lair of Beasts.
             The game lasted 01:06:07 (27233 turns).

Faca the Markscentaur (Centaur Hunter)             Turns: 27233, Time: 01:06:08

Health: -1/160     AC: 26    Str: 15    XL:     13   Next: 81%
Magic:  13/13      EV:  1    Int: 10    God:    Trog [****..]
Gold:   1207       SH:  0    Dex: 19    Spells: 12/12 levels left

rFire    . . .     SeeInvis .   v - +0 trident
rCold    . . .     Gourm    .   (no shield)
rNeg     + + +     Faith    .   (armour currently unavailable)
rPois    +         Spirit   .   (helmet currently unavailable)
rElec    .         Reflect  .   (cloak currently unavailable)
rCorr    .         Harm     .   (gloves currently unavailable)
MR       ++...     NoTele   +   (no barding)
Stlth    ++........             q - amulet of regeneration
HPRegen  1.76/turn              Q - +4 ring of evasion
MPRegen  0.13/turn              y - +4 ring of dexterity

@: lethally poisoned (-1 -> -8), tree-form, regenerating
A: large
a: Berserk, Trog's Hand, Brothers in Arms, Burn Spellbooks, Renounce Religion


You were on level 6 of the Lair of Beasts.
You worshipped Trog.
Trog was greatly pleased with you.
You were not hungry.
You were a tree.
You visited 3 branches of the dungeon, and saw 19 of its levels.

You collected 1240 gold pieces.
You spent 33 gold pieces at shops.

Inventory:

Hand Weapons
 a - a +1 shortbow
 v - a +0 trident (weapon)
 E - a +0 longbow
Missiles
 d - 265 arrows
Armour
 g - a +0 pair of gloves (melded)
 h - a +2 hat (melded)
 x - a +2 ring mail of magic resistance (melded)
 z - a +2 cloak (melded)
 R - the +6 chain mail of Instinct {Dex+3 SInv}
   (You found it on level 4 of the Lair of Beasts)

   It affects your dexterity (+3).
   It lets you see invisible.
Jewellery
 n - an uncursed ring of ice
 q - an amulet of regeneration (around neck)
 r - an uncursed amulet of magic regeneration {unknown}
 y - a +4 ring of dexterity (right branch)
 J - an uncursed ring of see invisible
 Q - a +4 ring of evasion (left branch)
 S - a +3 ring of slaying {unknown}
Wands
 c - a wand of iceblast (11)
 s - a wand of acid (19)
 A - a wand of clouds (3)
 C - a wand of digging (30)
 N - a wand of paralysis (23)
 P - a wand of disintegration (13)
Scrolls
 b - 6 scrolls of teleportation
 i - 6 scrolls of enchant weapon
 k - 6 scrolls of remove curse
 t - 6 scrolls of immolation
 D - a scroll of summoning
 F - 2 scrolls of enchant armour
 G - 2 scrolls of blinking
 M - a scroll of fear {unknown}
 O - a scroll of silence
Potions
 e - 4 potions of agility {unknown}
 j - 3 potions of ambrosia {unknown}
 l - 2 potions of cancellation
 m - 2 potions of invisibility
 o - 3 potions of brilliance
 p - 3 potions of haste
 u - 2 potions of might
 B - a potion of lignification
 H - a potion of berserk rage {unknown}
 I - a potion of flight {unknown}
 K - 3 potions of mutation
 L - 3 potions of resistance {unknown}
Comestibles
 f - 14 rations


   Skills:
 + Level 7.7 Fighting
 - Level 14.0 Polearms
 + Level 19.6 Bows
 + Level 4.5 Dodging
 - Level 0.4 Stealth


You had 12 spell levels left.
You didn't know any spells.

Dungeon Overview and Level Annotations

Branches:
Dungeon (12/15)            Temple (1/1) D:6            Lair (6/6) D:11
  Swamp (0/4) Lair:4       Spider (0/4) Lair:3        Slime (0/5) Lair:5
    Orc (0/2) D:10

Altars:
Cheibriados
Elyvilon
Hepliaklqana
Kikubaaqudgha
Ru
Trog
Uskayaw
Wu Jian
Xom
Yredelemnul

Shops:
D:5 ?   D:8 !   D:12 ?

Annotations:
D:6 2 transporters
D:8 exclusion: orange crystal statue
Lair:5 exclusion: oklob plant


Innate Abilities, Weirdness & Mutations

((You have hooves in place of feet.))
((Armour fits poorly on your strangely shaped body.))
((You cover ground very quickly.))
((You have extremely tough skin. (AC +3)))


Message History

You feel somewhat more hungry. Trog will no longer gift you weapons.
You feel sick. The spiny frog stings you!
* * * LOW HITPOINT WARNING * * *
You are lethally poisoned!
The spiny frog poisons you!
There is a lethal amount of poison in your body!
* * * LOW HITPOINT WARNING * * *
You feel sick.
* * * LOW HITPOINT WARNING * * *
You feel very sick.
You turn into a tree.
Your +2 cloak melds into your body.
Your +2 hat melds into your body.
Your +0 pair of gloves melds into your body.
Your +2 ring mail of magic resistance melds into your body.
You feel less resistant to hostile enchantments.
Your roots penetrate the ground.
You feel very sick. The spiny frog stings you!
You die...

.P...##....#.##.....###P.......
..............##..8.'......#
....#....#....###........##
...#...#.#......+#......#
#...####.............[#
#..................#.##
#.<.............÷....P#
#...#.........†.....PP#.#
####....P...♣F..........#
#....##..............#.
##....#................#
#.#............##.#.....
#...............# .#.....
...............## ##


PP.. ..........#. .PF ......$....## . ... You could see a spiny frog.

Vanquished Creatures
  Gastronok (D:11)
  Harold (Lair:4)
  4 hydras
  A queen ant (Lair:1)
  4 two-headed ogres
  Erica (D:8)
  Pikel (D:7)
  6 elephants
  A centaur zombie (D:12)
  3 black mambas
  Maurice (D:7)
  12 spiny frogs
  2 centaur skeletons
  A rime drake (Lair:4)
  A komodo dragon (Lair:4)
  4 trolls
  A queen bee (D:10)
  Grinder (D:4)
  2 tyrant leeches
  8 blink frogs
  8 hippogriffs
  6 slime creatures (D:11)
  17 dream sheep
  A spriggan (D:8)
  3 wyverns
  Sigmund (D:3)
  17 yaks
  3 hungry ghosts
  A basilisk (D:11)
  10 vampire mosquitoes
  Menkaure (D:5)
  3 soldier ants
  Duvessa (D:4)
  5 porcupines
  13 water moccasins
  A slave (D:7)
  2 sky beasts
  4 black bears
  2 necrophages
  7 ogres
  5 orc warriors
  A hornet zombie (D:12)
  4 centaurs
  3 phantoms
  8 wolves
  9 crocodiles
  4 big kobolds
  Blork the orc (D:6)
  8 bullfrogs
  3 gnoll sergeants
  Dowan (D:4)
  A water moccasin skeleton (D:9)
  24 killer bees
  A scorpion (D:4)
  2 howler monkeys (D:4)
  2 electric eels (Lair:1)
  4 crimson imps
  A bullfrog zombie (D:12)
  4 hounds
  2 quasits
  4 jellies
  5 orc priests
  An orc wizard (D:5)
  Terence (D:2)
  2 iguanas
  35 worker ants
  4 hound skeletons
  2 worker ant zombies
  10 adders
  6 gnolls
  4 shadow imps
  2 oozes
  3 adder skeletons
  2 adder zombies
  5 worms
  3 dart slugs
  8 leopard geckos
  43 orcs
  2 ball pythons
  11 giant cockroaches
  3 goblins (D:3)
  11 hobgoblins
  19 jackals
  2 quokkas (D:2)
  12 bats
  6 frilled lizards
  3 jackal skeletons
  17 kobolds
  A quokka zombie (D:8)
  6 rats
483 creatures vanquished.

Vanquished Creatures (collateral kills)
  A soldier ant (Lair:1)
  3 wolves (Lair:1)
4 creatures vanquished.

Vanquished Creatures (others)
  11 fungi
  54 plants
65 creatures vanquished.

Grand Total: 552 creatures vanquished

Notes
Turn   | Place    | Note
-------+----------+-------------------------------------------
     0 | D:1      | Faca the Centaur Hunter began the quest for the Orb.
     0 | D:1      | Reached XP level 1. HP: 17/17 MP: 1/1
   263 | D:1      | Reached XP level 2. HP: 24/25 MP: 2/2
   919 | D:1      | Reached skill level 6 in Bows
   919 | D:1      | Reached XP level 3. HP: 20/30 MP: 3/3
  2042 | D:2      | Reached XP level 4. HP: 38/38 MP: 4/4
  2144 | D:2      | You fall through a shaft!
  2687 | D:2      | Reached skill level 7 in Bows
  2687 | D:2      | Reached XP level 5. HP: 18/46 MP: 5/5
  2883 | D:2      | Noticed Terence
  2932 | D:2      | Killed Terence
  3392 | D:3      | Noticed Sigmund
  4403 | D:3      | Found a shimmering altar of Xom.
  4404 | D:3      | Found a hazy altar of Hepliaklqana.
  4405 | D:3      | Noticed a spectral ugly thing
  4630 | D:3      | Killed Sigmund
  4630 | D:3      | Reached skill level 5 in Fighting
  4630 | D:3      | Reached skill level 8 in Bows
  4630 | D:3      | Reached XP level 6. HP: 21/56 MP: 6/6
  5478 | D:4      | Noticed Grinder
  5492 | D:4      | Killed Grinder
  5492 | D:4      | Reached skill level 9 in Bows
  5492 | D:4      | Reached XP level 7. HP: 47/61 MP: 7/7
  5638 | D:4      | Noticed Duvessa
  5638 | D:4      | Noticed Dowan
  5673 | D:4      | Killed Duvessa
  5688 | D:4      | Killed Dowan
  6411 | D:4      | Found a basalt altar of Yredelemnul.
  6411 | D:4      | Found an ornate altar of the Wu Jian Council.
  6468 | D:5      | Entered Level 5 of the Dungeon
  6482 | D:5      | Noticed a hungry ghost
  6536 | D:5      | Killed a hungry ghost
  6536 | D:5      | Reached XP level 8. HP: 65/68 MP: 8/8
  6593 | D:5      | Found an ancient bone altar of Kikubaaqudgha.
  6601 | D:5      | Noticed Menkaure
  6611 | D:5      | Killed Menkaure
  6611 | D:5      | Reached skill level 5 in Polearms
  6657 | D:5      | Found Ker Ehow's Magic Scroll Boutique.
  6660 | D:5      | Bought a scroll of identify for 22 gold pieces
  6660 | D:5      | Bought a scroll of noise for 11 gold pieces
  7979 | D:6      | Noticed Blork the orc
  8021 | D:6      | Killed Blork the orc
  8258 | D:6      | Found a staircase to the Ecumenical Temple.
  8269 | Temple   | Entered the Ecumenical Temple
  8291 | Temple   | Became a worshipper of Trog the Wrathful
  8513 | D:6      | Found a transporter.
  8518 | D:6      | Noticed a kobold demonologist
  8535 | D:6      | Found a transporter.
  8551 | D:6      | Reached XP level 9. HP: 47/74 MP: 9/9
  8625 | D:6      | Found a snail-covered altar of Cheibriados.
  8664 | D:6      | Noticed a kobold demonologist
  9136 | D:7      | Found a sacrificial altar of Ru.
  9421 | D:7      | Noticed Pikel
  9540 | D:7      | Killed Pikel
  9540 | D:7      | Reached skill level 10 in Polearms
  9707 | D:7      | Reached * piety under Trog
 10518 | D:8      | Found Kigag's Distillery.
 10558 | D:8      | Noticed Erica
 10619 | D:8      | HP: 3/72 [Erica/orb of energy (28)]
 10803 | D:8      | Noticed a troll
 10863 | D:7      | Killed a troll
 10929 | D:8      | Noticed Maurice
 10990 | D:7      | Killed Maurice
 10990 | D:7      | Reached XP level 10. HP: 77/81 MP: 10/10
 11247 | D:8      | Killed Erica
 11247 | D:8      | Reached skill level 10 in Bows
 11259 | D:8      | Noticed an orange crystal statue
 11959 | D:9      | Found a hide-covered altar of Uskayaw.
 12115 | D:9      | Reached skill level 11 in Bows
 12299 | D:9      | Noticed a two-headed ogre
 12340 | D:9      | Killed a two-headed ogre
 12394 | D:9      | Reached ** piety under Trog
 12551 | D:9      | Reached skill level 12 in Bows
 12858 | D:10     | Entered Level 10 of the Dungeon
 13604 | D:9      | Reached XP level 11. HP: 39/86 MP: 11/11
 14338 | D:10     | Reached *** piety under Trog
 15007 | D:10     | Reached skill level 13 in Bows
 15180 | D:10     | Found a staircase to the Orcish Mines.
 15424 | D:11     | Found a staircase to the Lair.
 15802 | D:11     | Noticed a two-headed ogre
 15840 | D:11     | Killed a two-headed ogre
 15902 | D:11     | Noticed Gastronok
 15923 | D:11     | HP: 2/86 [Gastronok/the air (18)]
 16297 | D:11     | Noticed a two-headed ogre
 16328 | D:11     | Killed a two-headed ogre
 16526 | D:11     | Reached skill level 14 in Bows
 16567 | D:12     | Found Jupa's Magic Scroll Shoppe.
 16938 | D:11     | Killed Gastronok
 17142 | D:11     | Reached XP level 12. HP: 52/94 MP: 12/12
 17470 | D:12     | Reached **** piety under Trog
 17556 | D:12     | Noticed a two-headed ogre
 17592 | D:12     | Killed a two-headed ogre
 17592 | D:12     | Reached skill level 15 in Bows
 17707 | D:12     | Noticed a seven-headed hydra
 17754 | D:12     | Killed a seven-headed hydra
 18185 | Lair:1   | Entered Level 1 of the Lair of Beasts
 19331 | Lair:1   | Reached skill level 16 in Bows
 19781 | Lair:2   | Noticed a seven-headed hydra
 19826 | Lair:1   | Killed a seven-headed hydra
 19890 | Lair:2   | Got a smoking plate armour
 20194 | Lair:2   | Reached skill level 17 in Bows
 20290 | Lair:2   | Received a gift from Trog
 20458 | Lair:2   | Noticed a queen ant
 20709 | Lair:1   | Killed a queen ant
 21308 | Lair:2   | Noticed an eight-headed hydra
 21448 | Lair:1   | Reached skill level 18 in Bows
 21763 | Lair:1   | Killed an eight-headed hydra
 22163 | Lair:3   | Found a hole to the Spider Nest.
 22302 | Lair:3   | Received a gift from Trog
 22433 | Lair:3   | Reached XP level 13. HP: 90/100 MP: 13/13
 22513 | Lair:3   | Identified the +7 plate armour "Kaning" {rN+++ rCorr Str-5 Int-5} (You found it on level 2 of the Lair of Beasts)
 22980 | Lair:3   | Received a gift from Trog
 23741 | Lair:4   | Found a staircase to the Swamp.
 23821 | Lair:4   | Got a smoking chain mail
 23927 | Lair:3   | Identified the +6 chain mail of Instinct {Dex+3 SInv} (You found it on level 4 of the Lair of Beasts)
 24007 | Lair:4   | Noticed Harold
 24047 | Lair:4   | Killed Harold
 24394 | Lair:4   | Reached skill level 19 in Bows
 25255 | Lair:5   | Found a staircase to the Slime Pits.
 25407 | Lair:5   | You fall through a shaft!
 25407 | Lair:6   | Entered Level 6 of the Lair of Beasts
 26752 | Lair:5   | Reached ***** piety under Trog
 26981 | Lair:6   | Received a gift from Trog
 27233 | Lair:6   | Slain by a spiny frog

Skill      XL: |  1  2  3  4  5  6  7  8  9 10 11 12 13 |
---------------+----------------------------------------+-----
Bows           | 6 7 8 9 12 14 18 19 | 19.6
Fighting       | 3 4 5 7 |  7.7
Polearms       | 2 4 8 11 12 13 14 | 14.0
Dodging        | 4 |  4.5
Stealth        | |  0.4

Action                   |  1- 3 |  4- 6 |  7- 9 | 10-12 | 13-15 || total
-------------------------+-------+-------+-------+-------+-------++-------
Melee: Short sword       |   153 |   191 |       |       |       ||   344
       Kick              |    25 |    38 |   105 |   409 |   231 ||   808
       Trident           |       |    18 |   419 |  1207 |   593 ||  2237
 Fire: Shortbow          |     2 |    52 |   136 |   414 |    84 ||   688
Invok: Burn Spellbooks   |       |       |       |     4 |       ||     4
       Berserk           |       |       |       |     1 |       ||     1
       Brothers in Arms  |       |       |       |     3 |       ||     3
       Trog's Hand       |       |       |       |       |     3 ||     3
  Use: Potion            |       |     1 |     2 |     9 |     4 ||    16
       Scroll            |       |       |    14 |     7 |     3 ||    24
 Stab: Distracted        |       |       |       |       |     1 ||     1
  Eat: Ration            |     1 |     2 |     8 |     9 |     4 ||    24
       Chunk             |     1 |     1 |     1 |     2 |     2 ||     7
Armor: Leather armour    |    68 |    26 |       |       |       ||    94
       Skin              |       |    55 |       |    23 |       ||    78
       Ring mail         |       |    59 |    58 |   450 |   122 ||   689
       Scale mail        |       |       |   112 |    75 |       ||   187
       Chain mail        |       |       |       |       |     8 ||     8
Dodge: Dodged            |    67 |    86 |   169 |   576 |   222 ||  1120
